 Dungeon Crawl Stone Soup version 0.31-a0-164-g2312942fda (webtiles) character file.

Game seed: 3659838938327909285

24691 Anon1729 the Fighter (level 12, -3/112 HPs)
             Began as a Minotaur Monk on June 13, 2023.
             Was an Elder of Uskayaw.
             Slain by a death yak (8 damage)
             ... on level 5 of the Lair of Beasts.
             The game lasted 00:10:58 (14069 turns).

Anon1729 the Fighter (Minotaur Monk)               Turns: 14069, Time: 00:10:58

Health: -3/112     AC: 18    Str: 16    XL:     12   Next: 82%
Magic:  18/18      EV: 15    Int:  7    God:    Uskayaw [****..]
Gold:   880        SH:  5    Dex: 18    Spells: 11/11 levels left

rFire   . . .        D - +11 Screaming Sword {sonic wave}
rCold   . . .        d - orb {light}
rNeg    . . .        n - +0 scale mail
rPois   .            (helmet restricted)
rElec   .            I - scarf {repulsion}
rCorr   .            x - +2 pair of gloves
SInv    .            u - +0 pair of boots
Will    .....        B - amulet of reflection Stlth
                     G - +4 ring of protection
HPRegen 0.38/turn    M - +4 ring of slaying
MPRegen 0.16/turn

%: repel missiles, reflection
@: glowing
A: horns 2, retaliatory headbutt
a: Renounce Religion, Stomp, Line Pass


You were on level 5 of the Lair of Beasts.
You worshipped Uskayaw.
Uskayaw was aware of your devotion.
You visited 3 branches of the dungeon, and saw 15 of its levels.

You collected 880 gold pieces.

Inventory:

Hand Weapons
 a - a +0 short sword
 h - a +3 dagger of draining
 i - a +1 dagger of venom
 k - a +3 dagger
 D - the +11 Screaming Sword (weapon) {sonic wave}
   (You found it on level 1 of the Lair of Beasts)
Armour
 d - an orb of light (worn)
 n - a +0 scale mail (worn)
 u - a +0 pair of boots (worn)
 x - a +2 pair of gloves (worn)
 I - a scarf of repulsion (worn)
Jewellery
 z - an amulet of magic regeneration
 B - an amulet of reflection (around neck)
 G - a +4 ring of protection (left hand)
 H - an amulet of the acrobat
 M - a +4 ring of slaying (right hand)
 O - a ring of ice
Wands
 p - a wand of charming (15)
 K - a wand of mindburst (16)
 Q - a wand of flame (16)
Scrolls
 g - 9 scrolls of teleportation
 o - 3 scrolls of immolation
 r - 2 scrolls of identify
 t - a scroll of vulnerability
 y - 2 scrolls of poison
 A - a scroll of enchant armour
 C - a scroll of brand weapon
 N - a scroll of amnesia
 R - a scroll of fog {unknown}
 S - a scroll of blinking {unknown}
 T - a scroll of revelation {unknown}
Potions
 c - 3 potions of ambrosia
 e - 5 potions of heal wounds
 f - 3 potions of brilliance {unknown}
 j - 4 potions of curing
 l - 2 potions of haste {unknown}
 q - a potion of invisibility {unknown}
 s - a potion of mutation {unknown}
 v - 2 potions of lignification {unknown}
 w - 2 potions of magic {unknown}
 F - 2 potions of might
 J - 2 potions of cancellation {unknown}
 L - 2 potions of degeneration {unknown}
 P - a potion of resistance {unknown}


   Skills:
 + Level 12.1 Fighting
 - Level 9.6(10.8) Short Blades
 * Level 8.4(10.7) Long Blades
 + Level 11.5 Armour
 + Level 11.0 Dodging
 + Level 9.6 Invocations


You had 11 spell levels left.
You didn't know any spells.
Your spell library contained the following spells:

 Spells                   Type           Power      Damage    Failure   Level
 Necrotise                Necr           0%         1d4       77%         1
 Blink                    Tloc           0%         N/A       88%         2
 Lesser Beckoning         Tloc           0%         N/A       88%         2
 Momentum Strike          Conj/Tloc      0%         3d8       88%         2
 Stone Arrow              Conj/Erth      0%         3d7       98%         3
 Teleport Other           Tloc           0%         N/A       98%         3
 Vampiric Draining        Necr           0%         2d6       98%         3
 Volatile Blastmotes      Fire/Tloc      0%         2d10      98%         3
 Animate Armour           Summ/Erth      0%         N/A       100%        4
 Animate Dead             Necr           0%         N/A       100%        4
 Leda's Liquefaction      Hex/Erth       0%         N/A       100%        4
 Agony                    Necr           0%         N/A       100%        5
 Haunt                    Necr/Summ      0%         N/A       100%        7
 Malign Gateway           Summ/Tloc      0%         N/A       100%        7
 Infestation              Necr           0%         N/A       100%        8
 Lehudib's Crystal Spear  Conj/Erth      0%         10d2      100%        8


Dungeon Overview and Level Annotations

Branches:
Dungeon (9/15)             Temple (1/1) D:4            Lair (5/5) D:9
 Shoals (0/4) Lair:3        Snake (0/4) Lair:3        Slime (0/5) Lair:4
    Orc (0/2) D:9

Altars:
Ashenzari
Cheibriados
Dithmenos
Elyvilon
Gozag
Hepliaklqana
Kikubaaqudgha
Makhleb
Nemelex Xobeh
Okawaru
Qazlal
Ru
Sif Muna
Trog
Uskayaw
Vehumet
Xom
Yredelemnul
Zin
The Shining One
Jiyva

Shops:
D:3 (

Annotations:
D:3 3 runed translucent doors, Angani's ghost, amateur DrCK
D:4 3 runed translucent doors, Sermion's ghost, amateur DsBe; mopl's ghost, amateur DrVM


Innate Abilities, Weirdness & Mutations

You have a pair of horns on your head.
You reflexively headbutt those who attack you in melee.


Message History

The death yak is moderately wounded.
The death yak is lightly wounded. x2
The death yak is moderately wounded.
The death yak is severely wounded. x2
You hear a loud, deep croak!
You hear a bellow!
You hear a roar!
You hear a bellow! x6
The death yak gores you!
You can now pass through a line of other dancers.
Uskayaw will force your foes to helplessly watch your dance.
Uskayaw prepares the audience for your solo!
The helpless death yak fails to defend itself.
You slice the death yak like a ripe choko!!!
The Screaming Sword clearly misses the concert pitch.
You send a blast of sound all around you.
The death yak is heavily wounded.
The death yak is moderately wounded.
The death yak is lightly wounded.
The death yak is moderately wounded.
The death yak is almost dead.
The death yak is moderately wounded.
The death yak is heavily wounded.
The death yak is moderately wounded. x3
The death yak is almost dead.
You headbutt the death yak, but do no damage.
The death yak is almost dead.
The death yak is no longer paralysed. x6
The death yak gores you but does no damage.
The death yak gores you.
Uskayaw will force your foes to share their pain.
Uskayaw links your audience in an emotional bond!
You hit the death yak but do no damage.
The death yak is almost dead.
The death yak is no longer paralysed. x5; The death yak gores you.
The death yak snorts and paws the ground.
The death yak gores you!
* * * LOW HITPOINT WARNING * * *
The death yak gores you!!
* * * LOW HITPOINT WARNING * * *
The death yak gores you!
You die...

##.#...#......
###.......#.....
##...............
#................
###..........YY....
..
#...........Y......
...###
..........YY......
....P.#
##.......YYY....##
#.....#
#........Y@YY...#
#.....
####..........#.#
#.P..
#.#.......#### #..
####.....## ### ##.
#.#...## #.## #.
####...# ###[.# #.
##..# ##...### #.
#...###......###..
##...#†........###


You could see 11 death yaks.

Vanquished Creatures
  Kirke (Lair:5)
  A catoblepas (Lair:1)
  3 hydras
  Erica (D:8)
  A two-headed ogre (D:9)
  An ugly thing (D:8)
  A salamander (Lair:3)
  A merfolk siren (Lair:3)
  Maurice (D:8)
  3 black mambas
  Joseph (D:9)
  2 cane toads (Lair:4)
  A rime drake (Lair:2)
  7 komodo dragons
  Maggie (D:8)
  3 trolls (D:9)
  2 polar bears
  12 blink frogs
  6 dream sheep (Lair:4)
  A shadow (D:9)
  A wyvern (D:8)
  12 yaks
  4 hogs (Lair:5)
  4 basilisks
  2 steam dragons
  Edmund (D:6)
  10 water moccasins
  3 orc warriors
  A sky beast (D:7)
  An ice beast (D:7)
  5 ogres
  13 wolves
  2 centaurs
  A phantom (D:6)
  5 kobold brigands
  8 bullfrogs
  4 wights (D:9)
  A ballistomycete (Lair:1)
  15 killer bees
  3 electric eels (D:9)
  4 crimson imps (D:8)
  A howler monkey (D:5)
  2 lava snakes (Lair:3)
  4 orc priests
  2 jellies
  9 hounds
  3 gnoll boudas
  5 iguanas
  Terence (D:3)
  5 orc wizards
  2 hell rats (Lair:3)
  11 gnolls
  7 adders
  8 river rats (Lair:3)
  A shadow imp (D:5)
  4 worms
  A dart slug (D:1)
  51 orcs
  9 ball pythons
  5 bats
  5 endoplasms
  3 giant cockroaches (D:1)
  9 goblins
  10 hobgoblins
  2 jackals (D:1)
  6 quokkas
  3 frilled lizards
  28 kobolds
  7 rats
354 creatures vanquished.

Vanquished Creatures (others)
  An electric eel (D:9)
  2 ballistomycete spores (Lair:1)
3 creatures vanquished.

Grand Total: 357 creatures vanquished

Notes
Turn   | Place    | Note
-------+----------+-------------------------------------------
     0 | D:1      | Anon1729 the Minotaur Monk began the quest for the Orb.
     0 | D:1      | Reached XP level 1. HP: 19/19 MP: 0/0
    91 | D:1      | Reached XP level 2. HP: 27/27 MP: 1/1
   138 | D:1      | Found a faded altar of an unknown god.
   246 | D:1      | Reached skill level 1 in Armour
   367 | D:1      | Reached skill level 1 in Invocations
   377 | D:1      | Reached skill level 4 in Fighting
   379 | D:1      | Reached XP level 3. HP: 33/33 MP: 2/2
  1325 | D:2      | Reached XP level 4. HP: 39/40 MP: 4/4
  1593 | D:3      | Noticed Terence
  1603 | D:3      | Killed Terence
  1629 | D:3      | Found a runed translucent gate.
  1632 | D:3      | Found a runed translucent gate.
  1656 | D:3      | Found a shadowy altar of Dithmenos.
  1663 | D:3      | Found Sesoin's Weapon Shoppe.
  1691 | D:3      | Found a sacrificial altar of Ru.
  1731 | D:3      | Reached XP level 5. HP: 47/47 MP: 5/5
  1781 | D:3      | Found a stormy altar of Qazlal.
  1911 | D:3      | Found a runed translucent gate.
  1930 | D:3      | Found a burning altar of Makhleb.
  1930 | D:3      | Found a snail-covered altar of Cheibriados.
  2105 | D:3      | Noticed Angani's ghost (amateur DrCK)
  2159 | D:4      | Reached XP level 6. HP: 30/55 MP: 6/6
  2194 | D:4      | Reached skill level 5 in Fighting
  2290 | D:4      | Found a staircase to the Ecumenical Temple.
  2380 | Temple   | Entered the Ecumenical Temple
  2420 | Temple   | Became a worshipper of Uskayaw the Reveller
  2420 | Temple   | Reached * piety under Uskayaw
  2525 | D:4      | Found a runed translucent gate.
  2525 | D:4      | Found a runed translucent gate.
  2525 | D:4      | Found a runed translucent gate.
  2529 | D:4      | Noticed mopl's ghost (amateur DrVM)
  2529 | D:4      | Noticed Sermion's ghost (amateur DsBe)
  2588 | D:4      | Reached ** piety under Uskayaw
  2987 | D:4      | Found a bloodstained altar of Trog.
  3019 | D:5      | Entered Level 5 of the Dungeon
  3168 | D:5      | Reached XP level 7. HP: 60/61 MP: 8/8
  3187 | D:5      | Got the Almanac of Solid Shifting
  3221 | D:5      | Reached skill level 5 in Short Blades
  3221 | D:5      | Reached skill level 5 in Dodging
  3466 | D:5      | Found a glowing silver altar of Zin.
  3771 | D:6      | Found an ancient bone altar of Kikubaaqudgha.
  4021 | D:6      | Reached *** piety under Uskayaw
  4022 | D:6      | Reached skill level 6 in Fighting
  4028 | D:6      | Reached **** piety under Uskayaw
  4149 | D:6      | Reached XP level 8. HP: 38/70 MP: 9/9
  4171 | D:6      | Reached ***** piety under Uskayaw
  4206 | D:6      | Reached skill level 5 in Armour
  4488 | D:6      | Noticed Edmund
  4500 | D:6      | Killed Edmund
  5366 | D:7      | Reached skill level 7 in Fighting
  5604 | D:7      | Reached skill level 5 in Invocations
  5604 | D:7      | Reached XP level 9. HP: 79/79 MP: 11/11
  5635 | D:7      | Found a radiant altar of Vehumet.
  5790 | D:8      | Noticed Maurice
  5866 | D:8      | Reached ****** piety under Uskayaw
  5881 | D:8      | Killed Maurice
  6105 | D:8      | Noticed a cyan ugly thing
  6374 | D:8      | Reached skill level 8 in Fighting
  6389 | D:8      | Found a shimmering altar of Xom.
  6422 | D:8      | Killed a white ugly thing
  6749 | D:8      | Found an iron altar of Okawaru.
  6749 | D:8      | Noticed Maggie
  6760 | D:8      | Reached XP level 10. HP: 84/90 MP: 13/13
  6773 | D:8      | Killed Maggie
  7084 | D:8      | Noticed Erica
  7097 | D:8      | Killed Erica
  7098 | D:8      | Reached skill level 9 in Fighting
  7959 | D:9      | Noticed a two-headed ogre
  7978 | D:9      | Killed a two-headed ogre
  8349 | D:9      | Found a staircase to the Orcish Mines.
  8456 | D:9      | Found a staircase to the Lair.
  8961 | D:9      | Noticed Joseph
  8971 | D:9      | Killed Joseph
  8972 | D:9      | Reached XP level 11. HP: 86/99 MP: 15/15
  9100 | D:9      | Reached skill level 10 in Fighting
  9608 | Lair:1   | Entered Level 1 of the Lair of Beasts
 10097 | Lair:1   | Noticed a catoblepas
 10117 | Lair:1   | Killed a catoblepas
 10571 | Lair:1   | Noticed an oklob plant
 10571 | Lair:1   | Found the +11 Singing Sword {sonic wave}
 10820 | Lair:1   | an oklob plant changed into a ballistomycete
 11026 | Lair:2   | Reached skill level 1 in Long Blades
 11031 | Lair:2   | Reached skill level 10 in Armour
 11308 | Lair:2   | Reached skill level 10 in Dodging
 11314 | Lair:2   | Reached skill level 11 in Fighting
 11862 | Lair:3   | Reached XP level 12. HP: 110/110 MP: 17/17
 11896 | Lair:3   | Reached skill level 5 in Long Blades
 12090 | Lair:3   | Noticed a four-headed hydra
 12096 | Lair:3   | Killed a four-headed hydra
 12489 | Lair:3   | Found a staircase to the Snake Pit.
 12559 | Lair:3   | Noticed a four-headed hydra
 12570 | Lair:3   | Killed a nine-headed hydra
 12857 | Lair:3   | Found a staircase to the Shoals.
 13178 | Lair:4   | Found a staircase to the Slime Pits.
 13178 | Lair:4   | Found a viscous altar of Jiyva.
 13769 | Lair:5   | Entered Level 5 of the Lair of Beasts
 13883 | Lair:5   | Noticed Kirke
 13908 | Lair:5   | Killed Kirke
 13909 | Lair:5   | Reached skill level 12 in Fighting
 14029 | Lair:5   | Noticed a six-headed hydra
 14036 | Lair:5   | Killed a ten-headed hydra
 14058 | Lair:5   | Noticed a death yak
 14059 | Lair:5   | Noticed a death yak
 14060 | Lair:5   | Noticed a death yak
 14060 | Lair:5   | Noticed a death yak
 14060 | Lair:5   | Noticed a death yak
 14060 | Lair:5   | Noticed a death yak
 14060 | Lair:5   | Noticed a death yak
 14061 | Lair:5   | Noticed a death yak
 14061 | Lair:5   | Noticed a death yak
 14061 | Lair:5   | Noticed a death yak
 14061 | Lair:5   | Noticed a death yak
 14069 | Lair:5   | HP: 5/112 [death yak (20)]
 14069 | Lair:5   | Slain by a death yak

Illustrated notes

Levels and vault maps discovered:
D:1:      ncdulo_wetmaze, layout_basic, chequers_ecumenical_altar_simple_redux,
          serial_forest, infiniplex_forest_end_1, infiniplex_forest_straight_2,
          infiniplex_forest_straight_4, infiniplex_forest_clump_medium,
          infiniplex_forest_clump_long, infiniplex_forest_pool
D:2:      layout_basic
D:3:      layout_rooms, nicolae_ru_sacrificial_ziggurat,
          grunt_dithmenos_smoke_and_mirrors, grunt_qazlal_sundering,
          gammafunk_temple_overflow_pools, ebering_ghost_rock_garden,
          serial_shops, nicolae_shop_bloodbath_and_beyond, uniq_terence
D:4:      layout_basic, lightli_temple_of_fire, minmay_temple_entry_ruins,
          gammafunk_ghost_cemetery, minivault_4, serial_bayou_lagoon_a
D:5:      layout_basic, zin_statuary
D:6:      layout_basic, kiku_gazebo_pond_becter, uniq_edmund
D:7:      layout_cave_pools, nicolae_vehumet_altar_sigil, st_stairs_3
D:8:      layout_rooms, mainiacjoe_overflow_small_starburst, led_xom_imps,
          lemuel_flame_loot_1, uniq_erica, uniq_maurice, uniq_maggie
D:9:      layout_layer_cave, erik_lair_island, david_orc_2, serial_rivers,
          chequers_serial_rivers_marsh, chequers_serial_rivers_micro_b,
          chequers_serial_rivers_micro_a, chequers_serial_rivers_micro_a,
          uniq_joseph
Temple:   jpeg_temple_island
Lair:1:   layout_regular_city, minmay_lair_oklob_items, grunt_megastairs_4
Lair:2:   layout_cave_pods, infiniplex_staircase_pool_2
Lair:3:   layout_roguey, minmay_shoals_entry_lonely_mermaid,
          nicolae_snake_entry_warm_welcome, kennysheep_rathole
Lair:4:   layout_regular_city, slime_entry_1, st_stairs_12
Lair:5:   evilmike_catoblepas_cave, layout_cave_pods, serial_bayou_shore_a,
          uniq_kirke

Skill      XL: |  1  2  3  4  5  6  7  8  9 10 11 12 |
---------------+-------------------------------------+-----
Armour         | 1 2 3 4 6 7 9 10 11 | 11.5
Invocations    | 1 2 3 5 6 7 8 9 |  9.6
Fighting       | 4 5 6 7 8 9 11 12 | 12.1
Short Blades   | 4 5 6 7 9 |  9.6
Dodging        | 4 5 6 7 9 10 11 | 11.0
Long Blades    | 4 8 |  8.4

Action                     |  1- 3 |  4- 6 |  7- 9 | 10-12 || total
---------------------------+-------+-------+-------+-------++-------
  Melee: Short sword       |    39 |       |       |       ||    39
         Headbutt          |    13 |    39 |    82 |   135 ||   269
         Dagger            |    41 |   149 |   277 |   332 ||   799
         Double sword      |       |       |       |   133 ||   133
         Unarmed           |       |       |       |    15 ||    15
 Invoke: Stomp             |       |       |       |     5 ||     5
         Line Pass         |       |       |       |     1 ||     1
         Grand Finale      |       |       |       |     1 ||     1
  Evoke: Wand              |       |       |     4 |     3 ||     7
    Use: Potion            |       |       |     1 |       ||     1
         Scroll            |       |       |       |    10 ||    10
   Stab: Paralysed         |       |       |    24 |    35 ||    59
 Armour: Robe              |     8 |       |       |       ||     8
         Scale mail        |     6 |    38 |   120 |   158 ||   322
  Dodge: Dodged            |    50 |    59 |   196 |   250 ||   555
         Repelled          |       |       |       |     6 ||     6
  Block: Orb               |       |       |     6 |    98 ||   104
         Reflection        |       |       |       |     3 ||     3
         Other             |       |       |       |     1 ||     1

Table legend: (Time is in decaauts)
 A = Elapsed time spent in this place.
 B = Non-inter-level travel time spent in this place.
 C = Inter-level travel time spent in this place.
 D = Time resting spent in this place.
 E = Time spent auto-exploring this place.
 F = Levels seen in this place.
 G = Mean time per level.
                   A        B        C        D        E       F      G
               +--------+--------+--------+--------+--------+-----+--------+
         Total |  13881 |  13310 |    571 |   1215 |  10270 |  15 |  925.4 |
       Dungeon |   9324 |   8942 |    382 |    708 |   6935 |   9 | 1036.0 |
        Temple |     76 |     40 |     36 |      0 |     34 |   1 |   76.0 |
          Lair |   4480 |   4329 |    151 |    507 |   3300 |   5 |  896.0 |
               +--------+--------+--------+--------+--------+-----+--------+

Top non-repeatable levels by time:
     D:9: 2300 daAuts
     D:6: 1435 daAuts
  Lair:1: 1353 daAuts
     D:8: 1218 daAuts
  Lair:3: 1205 daAuts
     D:1: 980 daAuts
  Lair:2: 850 daAuts
     D:4: 816 daAuts
     D:7: 755 daAuts
  Lair:4: 725 daAuts
     D:5: 700 daAuts
     D:2: 576 daAuts
     D:3: 540 daAuts
  Lair:5: 345 daAuts
  Temple: 76 daAuts
